 Dungeon Crawl Stone Soup version 0.26-a0-639-g72c4674329 (webtiles) character file.

Game seed: 13253199448816679719

(classic levelgen) 1584 EnegeticOcto the Chopper (level 8, -10/73 HPs)
             Began as a Deep Dwarf Fighter on Sept 22, 2020.
             Was a Follower of Makhleb.
             Mangled by an orc warrior
             ... wielding a +0 glaive
              (25 damage)
             ... on level 6 of the Dungeon.
             The game lasted 00:01:38 (1934 turns).

EnegeticOcto the Chopper (Deep Dwarf Fighter)       Turns: 1934, Time: 00:01:38

Health: -10/73     AC:  7    Str: 22    XL:     8   Next: 61%
Magic:  1/1        EV:  5    Int:  9    God:    Makhleb [*.....]
Gold:   227        SH: 14    Dex: 12    Spells: 7/7 levels left

rFire    . . .     SeeInvis .   a - +0 war axe
rCold    . . .     Faith    .   l - +0 tower shield
rNeg     . . .     Spirit   .   b - +0 scale mail
rPois    .         Reflect  .   (no helmet)
rElec    .         Harm     .   e - +0 cloak
rCorr    .         Rampage  .   (no gloves)
MR       +....                  (no boots)
Stlth    ..........             (no amulet)
HPRegen  0.00/turn              (no ring)
MPRegen  0.07/turn              (no ring)

@: non-regenerating, very heavily drained
A: damage resistance, heal wounds, sense surroundings 1, no regeneration
a: Heal Wounds, Renounce Religion


You were on level 6 of the Dungeon.
You worshipped Makhleb.
Makhleb was aware of your devotion.
You visited 2 branches of the dungeon, and saw 7 of its levels.

You collected 227 gold pieces.

Inventory:

Hand Weapons
 a - a +0 war axe (weapon)
Armour
 b - a +0 scale mail (worn)
 c - a +0 kite shield
 e - a +0 cloak (worn)
 l - a +0 tower shield (worn)
Jewellery
 o - an uncursed ring of flight {unknown}
Scrolls
 i - 4 scrolls of amnesia {unknown}
 j - 2 scrolls of remove curse {unknown}
 k - 2 scrolls of random uselessness {unknown}
 p - a scroll of identify {unknown}
 q - 2 scrolls of blinking {unknown}
Potions
 d - a potion of might {@q3}
 f - 2 potions of curing {@q1}
 g - a potion of mutation {unknown}
 h - 2 potions of stabbing {unknown}
 m - a potion of haste {unknown}
 n - a potion of flight {unknown}


   Skills:
 + Level 4.8(1.6) Fighting
 * Level 7.0(3.7) Axes
 + Level 5.8(2.5) Armour
 * Level 6.8(3.5) Shields
 + Level 4.2(1.1) Invocations


You had 7 spell levels left.
You didn't know any spells.
Your spell library was empty.

Dungeon Overview and Level Annotations

Branches:
Dungeon (6/15)             Temple (1/1) D:4

Altars:
Ashenzari
Cheibriados
Dithmenos
Elyvilon
Fedhas
Hepliaklqana
Makhleb
Okawaru
Qazlal
Ru
Uskayaw
Vehumet
Xom
Yredelemnul


Innate Abilities, Weirdness & Mutations

You are resistant to damage.
You can heal yourself by infusing magical energy.
You passively map a small area around you.
You do not regenerate.


Message History

The wight hits you with a cursed +0 scimitar.
You feel drained. The jackal barely misses you.
Your magical essence is drained by the effort!
You feel much better. The jackal barely misses you.
The gnoll hits you from afar with a +0 halberd!
You block the jackal's attack.
The orc priest calls down the wrath of Beogh upon you.
Beogh smites you! The wight hits you but does no damage.
Something hits you but does no damage.
You barely miss the wight.
The wight is almost destroyed.
You hit the jackal.
You kill the jackal!
Makhleb accepts your kill.
Your shield and scale mail prevent you from hitting the jackal.
You completely miss something. You completely miss the wight.
You block the jackal's attack. You block the wight's attack.
The orc warrior barely misses you.
The gnoll hits you from afar with a +0 halberd.
The orc priest invokes the aid of Beogh against you.
Beogh smites you! You block the jackal's attack.
The wight hits you but does no damage. Something hits you but does no damage.
The orc hits you with a +0 hand axe. The wight hits you but does no damage.
You hit the wight but do no damage.
The wight is almost destroyed.
You slash the wight!
You destroy the wight!
Makhleb accepts your kill.
You miss something. You closely miss the jackal.
You hit the orc but do no damage.
The jackal bites you but does no damage.
You block the killer bee zombie's attack.
The orc warrior hits you from afar with a +0 glaive!
The gnoll hits you from afar with a +0 halberd.
Something hits you. Something shocks you.
The jackal bites you but does no damage.
You block the killer bee zombie's attack.
You block the orc's attack. You block the wight's attack.
The orc priest calls down the wrath of Beogh upon you.
Beogh smites you!
* * * LOW HITPOINT WARNING * * *
Something hits you but does no damage.
The orc warrior hits you from afar with a +0 glaive!
* * * LOW HITPOINT WARNING * * *
The gnoll hits you from afar with a +0 halberd.
* * * LOW HITPOINT WARNING * * *
You are too injured to fight recklessly!
Your magical essence is drained by the effort!
You feel much better.
You block the killer bee zombie's attack.
The jackal bites you but does no damage.
You block the killer bee zombie's attack.
You block the orc's attack. You block the jackal's attack.
Something hits you but does no damage.
The wight hits you with a cursed +0 scimitar!
You feel drained.
You feel much better.
The killer bee zombie barely misses you.
The orc warrior hits you from afar with a +0 glaive!!
The gnoll barely misses you.
The jackal pauses to sniff the ground.
You block the jackal's attack. The orc hits you with a +0 hand axe.
The killer bee zombie barely misses you.
The orc priest begins to cast a cantrip, but forgets the words!
Something hits you. Something shocks you.
The wight hits you with a cursed +0 scimitar!
You feel drained.
You feel much better. The killer bee zombie hits you.
You block the jackal's attack. The gnoll barely misses you.
The orc hits you with a +0 hand axe.
The orc warrior hits you from afar with a +0 glaive!
The killer bee zombie hits you. Something hits you but does no damage.
The jackal bites you but does no damage.
You hit the wight but do no damage.
The wight is almost destroyed.
You hit the orc but do no damage. You closely miss the jackal.
You hit something. You slash the killer bee zombie!
The killer bee zombie hits you.
The wight hits you with a cursed +0 scimitar.
You block the jackal's attack.
You block the killer bee zombie's attack.
The gnoll hits you from afar with a +0 halberd!
The orc hits you with a +0 hand axe.
The orc warrior hits you from afar with a +0 glaive!
* * * LOW HITPOINT WARNING * * *
Something hits you.
* * * LOW HITPOINT WARNING * * *
Something shocks you.
* * * LOW HITPOINT WARNING * * *
The jackal bites you but does no damage.
The wight hits you but does no damage.
The killer bee zombie hits you but does no damage.
You are too injured to fight recklessly!
You fail to use your ability.
You block the killer bee zombie's attack.
You block the orc's attack.
The gnoll hits you from afar with a +0 halberd.
Something hits you but does no damage. You block the jackal's attack.
The orc warrior hits you from afar with a +0 glaive!!
You die...

, * #.., ######## #.#* *
#......# ≈ ≈ #.#######
#......#≈ ≈ #.......# *
#......# ≈ #........
#......# ≈≈#.g.....#*
+......# ≈#zZ.≈...#
#..†...# ≈ #@{.....#
#..>...# ≈≈≈≈≈##oh....$#
#......# ######ooo.....#
#......###......Z..#####
#......##..........#...#
....##.#..#.....)..#.#.#
....##...###.......###.#
...(##..#+ +#......# #.#
...>...## ##.(...# #.#


You could see an orc warrior, a wight, an orc priest, a gnoll, 2 orcs, a killer
bee zombie, a jackal and a hound skeleton.

Vanquished Creatures
  Grinder (D:6)
  Eustachio (D:5)
  Menkaure (D:5)
  Duvessa (D:5)
  2 ogres
  A centaur (D:6)
  2 bullfrogs (D:6)
  2 scorpions
  Dowan (D:5)
  4 wights (D:6)
  3 hounds
  An orc wizard (D:3)
  A bullfrog skeleton (D:4)
  4 worker ants (D:4)
  3 adders
  3 gnolls (D:6)
  A shadow imp (D:6)
  A white imp (D:6)
  An adder zombie (D:6)
  An adder skeleton (D:5)
  2 worms
  A dart slug (D:1)
  A leopard gecko (D:6)
  5 orcs (D:3)
  2 ball pythons (D:4)
  A goblin (D:3)
  2 hobgoblins (D:1)
  3 jackals (D:6)
  2 bats
  2 frilled lizards
  9 kobolds
  2 leopard gecko skeletons
  3 rats
70 creatures vanquished.

Notes
Turn   | Place    | Note
-------+----------+-------------------------------------------
     0 | D:1      | EnegeticOcto the Deep Dwarf Fighter began the quest for the
                  | Orb.
     0 | D:1      | Reached XP level 1. HP: 20/20 MP: 1/1
   126 | D:1      | HP: 1/20 [poisoned by a kobold]
   177 | D:1      | Reached XP level 2. HP: 27/27 MP: 1/1
   252 | D:2      | Reached skill level 3 in Axes
   302 | D:3      | Reached XP level 3. HP: 23/33 MP: 2/2
   320 | D:3      | Reached XP level 4. HP: 42/42 MP: 2/2
   531 | D:4      | Noticed an ogre
   542 | D:4      | Killed an ogre
   542 | D:4      | Reached skill level 4 in Axes
   542 | D:4      | Reached XP level 5. HP: 30/49 MP: 3/3
   621 | D:4      | Found a staircase to the Ecumenical Temple.
   636 | D:4      | Reached XP level 6. HP: 31/56 MP: 4/4
   639 | Temple   | Entered the Ecumenical Temple
   646 | Temple   | Became a worshipper of Makhleb the Destroyer
   760 | D:4      | Found a shadowy altar of Dithmenos.
   939 | D:4      | Reached skill level 5 in Axes
   939 | D:4      | Reached skill level 1 in Invocations
  1057 | D:5      | Entered Level 5 of the Dungeon
  1082 | D:5      | Noticed Duvessa
  1082 | D:5      | Noticed Dowan
  1092 | D:5      | Killed Dowan
  1116 | D:5      | Killed Duvessa
  1116 | D:5      | Reached skill level 5 in Shields
  1116 | D:5      | Reached XP level 7. HP: 32/63 MP: 5/5
  1146 | D:5      | Found a shadowy altar of Dithmenos.
  1159 | D:5      | Noticed Eustachio
  1189 | D:5      | Killed Eustachio
  1301 | D:5      | Noticed Menkaure
  1309 | D:5      | Killed Menkaure
  1309 | D:5      | Reached skill level 5 in Armour
  1639 | D:5      | Reached skill level 6 in Axes
  1880 | D:6      | Reached XP level 8. HP: 59/73 MP: 6/6
  1885 | D:6      | Noticed Grinder
  1901 | D:6      | Killed Grinder
  1913 | D:6      | Reached * piety under Makhleb
  1920 | D:6      | Reached skill level 7 in Axes
  1924 | D:6      | HP: 3/73 [wight/cursed +0 scimitar (2)]
  1929 | D:6      | HP: 1/73 [gnoll/+0 halberd (3)]
  1934 | D:6      | Mangled by an orc warrior

Illustrated notes

Levels and vault maps discovered:
D:1:      grunt_arrival_crossed_arrows, layout_rooms, chequers_arboretum
D:2:      layout_rooms
D:3:      layout_basic
D:4:      layout_basic, nicolae_dithmenos_through_a_glass_darkly,
          minmay_temple_entry_tees
D:5:      layout_loops_ring, basic_altar, uniq_eustachio, uniq_duvessa,
          uniq_menkaure
D:6:      layout_basic, basic_altar, kennysheep_flooded_box, zaba_anthole,
          nemelex_diamond_rough_becter, uniq_grinder
Temple:   dpeg_three_leaves_temple

Skill      XL: |  1  2  3  4  5  6  7  8 |
---------------+-------------------------+-----
Axes           | 3 4 5 6 7 |  7.0
Fighting       | 3 4 |  4.8
Armour         | 4 5 |  5.8
Shields        | 4 5 6 |  6.8
Invocations    | 1 3 4 |  4.2

Action                   |  1- 3 |  4- 6 |  7- 9 || total
-------------------------+-------+-------+-------++-------
Melee: War axe           |    74 |   103 |   115 ||   292
 Abil: Heal Wounds       |     3 |     3 |    18 ||    24
Armor: Scale mail        |    37 |    37 |   102 ||   176
Dodge: Dodged            |    24 |    21 |    69 ||   114
Block: Kite shield       |    37 |    10 |       ||    47
       Tower shield      |       |    78 |   180 ||   258

Table legend: (Time is in decaauts)
 A = Elapsed time spent in this place.
 B = Non-inter-level travel time spent in this place.
 C = Inter-level travel time spent in this place.
 D = Time resting spent in this place.
 E = Time spent auto-exploring this place.
 F = Levels seen in this place.
 G = Mean time per level.
                   A        B        C        D        E       F      G
               +--------+--------+--------+--------+--------+-----+--------+
         Total |   2050 |   1975 |     75 |      0 |   1292 |   7 |  292.9 |
       Dungeon |   2035 |   1966 |     69 |      0 |   1292 |   6 |  339.2 |
        Temple |     14 |      8 |      6 |      0 |      0 |   1 |   14.0 |
               +--------+--------+--------+--------+--------+-----+--------+

Top non-repeatable levels by time:
     D:5: 753 daAuts
     D:4: 635 daAuts
     D:1: 212 daAuts
     D:6: 174 daAuts
     D:3: 162 daAuts
     D:2: 97 daAuts
  Temple: 14 daAuts
